AoeStats
← NPG | FishCL

Arabia

507315515Analyzed
3v3 RM · 13d ago on Sep 17, 2026· 25m 13s· 6 players
Game mode
Random Map
Map size
Normal (6 player)
Population
200
Speed
Normal
Resources
Standard
Victory
Conquest
Starting age
Dark Age
Ending age
Imperial Age
RankedLock teamsTeams togetherTeam positionsShared explorationLock speedFull tech treeHidden civsTurbo modeCheats
Victory
Defeat
🇧🇷 Turks · Brazil
1828
+5
🇧🇷 Berbers · Brazil
1580
+13
🇧🇷 Bohemians · Brazil
1536
+14
🇨🇱 Tatars · Chile
1615
-14
🇨🇱 Bengalis · Chile
1575
-12
🇨🇱 Italians · Chile
1381
-6
NPG | El Compadre
8:51 Feudal Age
9:29 Loom
9:41 Horse Collar
11:01 Double-Bit Axe
15:58 Wheelbarrow
15:51 Scale Barding Armor
21:56 Castle Age
22:29 Fletching
22:39 Padded Archer Armor
25:31 Bow Saw
NPG | FishCL
6:52 Loom
9:12 Feudal Age
12:50 Double-Bit Axe
12:57 Horse Collar
13:48 Fletching
19:48 Padded Archer Armor
24:54 Castle Age
23:12 Gold Mining
[ECU]MiTo
6:27 Loom
9:12 Feudal Age
15:44 Double-Bit Axe
17:10 Fletching
21:13 Castle Age
19:22 Horse Collar
21:34 Padded Archer Armor
22:03 Bodkin Arrow
21:31 Crossbowman
23:26 Ballistics
24:45 Bow Saw
GAX | Lux
4:08 Loom
9:08 Feudal Age
14:03 Double-Bit Axe
16:13 Fletching
24:11 Padded Archer Armor
KROY
6:08 Loom
8:35 Feudal Age
10:02 Double-Bit Axe
16:50 Scale Barding Armor
17:36 Forging
19:48 Wheelbarrow
19:16 Horse Collar
22:18 Castle Age
21:54 Bloodlines
22:40 Gold Mining
23:37 Chain Barding Armor
23:18 Husbandry
25:52 Iron Casting
GAX | Kareca
6:43 Loom
9:16 Feudal Age
9:49 Double-Bit Axe
14:51 Fletching
16:15 Padded Archer Armor
22:20 Castle Age
20:18 Gold Mining
20:40 Horse Collar
22:24 Crossbowman
23:00 Bodkin Arrow
23:29 Thumb Ring
Connection lost

Rejoining the realm…

Still unreachable

The connection could not be restored.

Session expired

The server has moved on; the page needs a fresh start.